 Dungeon Crawl Stone Soup version 0.28.0 (webtiles) character file.

Game seed: 15428708930558275882

87 Dorkslayer the Skirmisher (level 4, 0/41 HPs)
             Began as a Hill Orc Fighter on June 7, 2022.
             Slain by a gnoll (10 damage)
             ... on level 3 of the Dungeon.
             The game lasted 00:02:34 (1884 turns).

Dorkslayer the Skirmisher (Hill Orc Fighter)        Turns: 1884, Time: 00:02:35

Health: 0/41       AC:  7    Str: 20    XL:     4   Next: 51%
Magic:  4/4        EV: 13    Int:  8    God:
Gold:   78         SH:  4    Dex: 10    Spells: 3/3 levels left

rFire   . . .      SeeInvis .   a - +0 war axe
rCold   . . .      Faith    .   c - +0 buckler
rNeg    . . .      Spirit   .   b - +0 scale mail
rPois   .          Reflect  .   (no helmet)
rElec   .          Harm     .   (no cloak)
rCorr   .          Rampage  .   (no gloves)
Will    .....                   (no boots)
Stlth   ..........              (no amulet)
HPRegen 0.13/turn               k - +4 ring of evasion
MPRegen 0.09/turn               (no ring)

@: no status effects
A: no striking features
a: no special abilities


You were on level 3 of the Dungeon.
You visited 1 branch of the dungeon, and saw 3 of its levels.

You collected 78 gold pieces.

Inventory:

Hand Weapons
 a - a +0 war axe (weapon)
Armour
 b - a +0 scale mail (worn)
 c - a +0 buckler (worn)
Jewellery
 k - a +4 ring of evasion (left hand)
Scrolls
 g - 2 scrolls of vulnerability {unknown}
 j - a scroll of amnesia {unknown}
Potions
 d - a potion of might
 e - a potion of curing
 h - a potion of heal wounds
 i - a potion of attraction {unknown}


   Skills:
 + Level 4.4 Fighting
 + Level 3.9 Axes
 + Level 3.8 Armour
 + Level 0.3 Dodging
 + Level 0.1 Stealth
 + Level 3.8 Shields


You had 3 spell levels left.
You didn't know any spells.
Your spell library contained the following spells:

 Spells                   Type           Power      Damage    Failure   Level
 Ozocubu's Armour         Ice            0%         N/A       99%         3
 Summon Forest            Summ/Tloc      0%         N/A       100%        5
 Summon Mana Viper        Hex/Summ       0%         N/A       100%        5
 Summon Cactus Giant      Summ           0%         N/A       100%        6
 Ozocubu's Refrigeration  Ice            0%         4d5       100%        7


Dungeon Overview and Level Annotations

Branches:
Dungeon (3/15)

Altars:


Message History

You struggle against the net.
A gnoll comes into view. It is wielding a +0 spear.
You tear a large gash into the net.
The gnoll hits you with a +0 flail.
You rip the net and break free!
The gnoll closely misses you.
You closely miss the gnoll. The gnoll hits you with a +0 flail.
The gnoll hits you from afar with a +0 spear.
The gnoll barely misses you.
You hit the gnoll.
The gnoll is heavily wounded.
The gnoll barely misses you. The gnoll hits you with a +0 flail.
You hit the gnoll but do no damage.
The gnoll is heavily wounded.
The gnoll hits you but does no damage. The gnoll hits you with a +0 flail!
The gnoll hits you from afar with a +0 spear.
You closely miss the gnoll.
The gnoll is heavily wounded.
The gnoll hits you with a +0 flail. You block the gnoll's attack.
The gnoll hits you with a +0 flail.
You barely miss the gnoll.
The gnoll is heavily wounded.
The gnoll closely misses you. You block the gnoll's attack.
You closely miss the gnoll.
The gnoll is heavily wounded.
The gnoll hits you but does no damage. You block the gnoll's attack.
The gnoll hits you from afar with a +0 spear.
* * * LOW HITPOINT WARNING * * *
You barely miss the gnoll.
The gnoll is heavily wounded.
You block the gnoll's attack. The gnoll hits you but does no damage.
The gnoll completely misses you.
You closely miss the gnoll.
The gnoll is heavily wounded.
You block the gnoll's attack. The gnoll barely misses you.
You hit the gnoll but do no damage.
The gnoll is heavily wounded.
The gnoll misses you. The gnoll hits you but does no damage.
You hit the gnoll.
The gnoll is heavily wounded.
The gnoll hits you with a +0 flail!
You die...

## #[ # #.
####.### .#
###.##......#
........#@# #.###
.. #..#g##......
#.#....g).#
#......##.#
####.### #
#.#####.####.##.#
#........<.......
####.......###..#
#.......#


You could see 2 gnolls.

Vanquished Creatures
  3 adders (D:2)
  A gnoll (D:3)
  A dart slug (D:1)
  2 bats
  2 endoplasms
  2 giant cockroaches
  4 goblins
  5 hobgoblins
  4 jackals (D:2)
  5 kobolds
  5 quokkas
  4 ball pythons
  3 frilled lizards (D:1)
  4 rats
45 creatures vanquished.

Notes
Turn   | Place    | Note
-------+----------+-------------------------------------------
     0 | D:1      | Dorkslayer the Hill Orc Fighter began the quest for the
                  | Orb.
     0 | D:1      | Reached XP level 1. HP: 19/19 MP: 1/1
   223 | D:1      | Reached XP level 2. HP: 27/27 MP: 2/2
   320 | D:1      | Found a faded altar of an unknown god.
   344 | D:1      | Reached skill level 4 in Fighting
   844 | D:1      | Reached XP level 3. HP: 32/33 MP: 3/3
  1378 | D:2      | Reached XP level 4. HP: 40/41 MP: 4/4
  1884 | D:3      | Slain by a gnoll

Illustrated notes

Levels and vault maps discovered:
D:1:      scummos_arrival_simple_crosswalls, layout_basic,
          chequers_ecumenical_altar_simple_redux
D:2:      layout_loops_cross
D:3:      layout_loops_cross, ebering_ghost_reflecting_pool

Skill      XL: |  1  2 |
---------------+-------+-----
Fighting       | 4 |  4.4
Axes           | 3 |  3.9
Armour         | |  3.8
Dodging        | |  0.3
Stealth        | |  0.1
Shields        | |  3.8

Action                   |  1- 3 |  4- 6 || total
-------------------------+-------+-------++-------
Melee: War axe           |    99 |    37 ||   136
  Use: Scroll            |       |     2 ||     2
Armor: Scale mail        |    45 |     8 ||    53
Dodge: Dodged            |    49 |    23 ||    72
Block: Buckler           |    25 |    15 ||    40
